 Dungeon Crawl Stone Soup version 0.28-a0-973-ga7f8b01127 (webtiles) character file.

Game seed: 13953595569042383402

98 FluffGlitter the Shield-Bearer (level 4, -1/29 HPs)
             Began as a Gargoyle Fighter on Sept 8, 2020.
             Slain by Crazy Yiuf (10 damage)
             ... on level 2 of the Dungeon on Dec 2, 2021.
             The game lasted 00:22:16 (2740 turns).

FluffGlitter the Shield-Bearer (Gargoyle Fighter)   Turns: 2740, Time: 00:22:16

Health: -1/29      AC: 10    Str: 27    XL:     4   Next: 71%
Magic:  1/4        EV:  7    Int:  8    God:
Gold:   110        SH:  8    Dex:  9    Spells: 3/3 levels left

rFire   + . .      SeeInvis .   a - +0 flail
rCold   . . .      Faith    .   c - +0 kite shield
rNeg    + . .      Spirit   .   h - +0 scale mail
rPois   ∞          Reflect  .   (no helmet)
rElec   +          Harm     .   (no cloak)
rCorr   .          Rampage  .   (no gloves)
Will    .....                   (no boots)
Stlth   ..........              (no amulet)
HPRegen 0.09/turn               p - +6 ring of strength
MPRegen 0.09/turn               i - ring of protection from fire

@: no status effects
A: sickness immunity, AC +3, negative energy resistance 1, electricity
resistance, torment resistance 1, petrification resistance
a: no special abilities


You were on level 2 of the Dungeon.
You visited 1 branch of the dungeon, and saw 3 of its levels.

You collected 110 gold pieces.

Inventory:

Hand Weapons
 a - a +0 flail (weapon)
 b - a +0 hunting sling
   (You found it on level 1 of the Dungeon)
 l - a +2 dagger of venom
   (You took it off a kobold on level 1 of the Dungeon)
Missiles
 f - 73 stones
 m - 10 poisoned darts (quivered)
 t - 12 bolts
Armour
 c - a +0 kite shield (worn)
 h - a +0 scale mail (worn)
 k - a +0 cloak
   (You found it on level 1 of the Dungeon)
Jewellery
 i - a ring of protection from fire (right hand)
   (You found it on level 3 of the Dungeon)
 p - a +6 ring of strength (left hand)
   (You found it on level 2 of the Dungeon)
Scrolls
 g - a scroll of identify {unknown}
 j - 2 scrolls of removedness
 o - a scroll of immolation {unknown}
 q - a scroll of enchant armour {unknown}
 r - 2 scrolls of fear {unknown}
 s - 2 scrolls of noise {unknown}
Potions
 d - a potion of might
 e - a potion of heal wounds {unknown}
 n - a potion of curing {unknown}
 u - a potion of lignification {unknown}


   Skills:
 - Level 3.8 Fighting
 * Level 3.1 Maces & Flails
 - Level 3.8 Armour
 + Level 4.1 Shields


You had 3 spell levels left.
You didn't know any spells.
Your spell library was empty.

Dungeon Overview and Level Annotations

Branches:
Dungeon (3/15)

Altars:
Dithmenos

Annotations:
D:2 Crazy Yiuf


Innate Abilities, Weirdness & Mutations

You are immune to sickness and miasma.
Your stone body is resilient. (AC +3)
You are immune to poison.
You resist negative energy. (rN+)
You are resistant to electric shocks. (rElec)
You are resistant to unholy torment.
You are immune to petrification.


Message History

You feel yourself speed up.
Here: Crazy Yiuf, wielding a +4 quarterstaff of chaos and wearing a +0 cloak An open translucent door.
Crazy Yiuf is nearby!
Here: Crazy Yiuf, wielding a +4 quarterstaff of chaos and wearing a +0 cloak An open translucent door.
Sorry, you're not good enough to have a special ability.
You hit Crazy Yiuf.
Crazy Yiuf hits you with a +4 quarterstaff of chaos.
* * * LOW HITPOINT WARNING * * *
You sock the fungus!
The fungus begins to die.
A nearby fungus withers and dies.
Crazy Yiuf opens the door.
There is a stone staircase leading up here.
Crazy Yiuf twirls on the spot.
You climb upwards.
There is a stone staircase leading down here.
You start resting.
Your extra speed is starting to run out.
You feel yourself slow down.
You start resting.
Okay, then.
You climb downwards.
Level annotation: Crazy Yiuf Crazy Yiuf hits you with a +4 quarterstaff of chaos.
There is a stone staircase leading up here.
You barely miss Crazy Yiuf. Crazy Yiuf barely misses you.
You hit Crazy Yiuf.
Crazy Yiuf hits you with a +4 quarterstaff of chaos.
Crazy Yiuf freezes you.
Crazy Yiuf hits you with a +4 quarterstaff of chaos.
You hit Crazy Yiuf.
Crazy Yiuf hits you with a +4 quarterstaff of chaos.
* * * LOW HITPOINT WARNING * * *
You feel your power leaking away.
You are too injured to fight recklessly!
You are too injured to fight recklessly!
You are too injured to fight recklessly!
You are too injured to fight recklessly!
You closely miss Crazy Yiuf.
Crazy Yiuf hits you with a +4 quarterstaff of chaos.
* * * LOW HITPOINT WARNING * * *
Crazy Yiuf burns you.
* * * LOW HITPOINT WARNING * * *
Crazy Yiuf screams, "Tosser pizzabubble chair!"
Crazy Yiuf barely misses you.
You sock Crazy Yiuf! You block Crazy Yiuf's attack.
Your shield prevents you from hitting Crazy Yiuf.
Crazy Yiuf hits you with a +4 quarterstaff of chaos!
You die...

#.# #.# #.# #.#
#.### #.####
#.#.###.....
#######....#######
#........#..#
#........##.#
#........##.######
#@.......##.......
#g.......#########
#........# #
##'..+#### #
#....# # #.PP.# #
#..P## # ##.## ##
#.## ########.


You could see Crazy Yiuf.

Vanquished Creatures
  5 adders
  A worm (D:2)
  2 dart slugs
  5 bats
  An endoplasm (D:2)
  A ghost (D:2)
  4 giant cockroaches
  3 hobgoblins
  4 jackals (D:1)
  5 kobolds
  A quokka (D:2)
  2 frilled lizards (D:2)
  6 goblins
  9 rats
49 creatures vanquished.

Vanquished Creatures (others)
  A fungus (D:2)
1 creature vanquished.

Grand Total: 50 creatures vanquished

Notes
Turn   | Place    | Note
-------+----------+-------------------------------------------
     0 | D:1      | FluffGlitter the Gargoyle Fighter began the quest for the
                  | Orb.
     0 | D:1      | Reached XP level 1. HP: 14/14 MP: 1/1
   222 | D:1      | Reached XP level 2. HP: 19/19 MP: 2/2
   549 | D:1      | Reached XP level 3. HP: 8/23 MP: 3/3
  1391 | D:1      | Upgraded the game from 0.26-a0-597-gb535b0901c to
                  | 0.28-a0-973-ga7f8b01127
  1618 | D:2      | Reached XP level 4. HP: 26/29 MP: 4/4
  1778 | D:2      | Found a shadowy altar of Dithmenos.
  1838 | D:2      | Reached skill level 4 in Shields
  2479 | D:2      | Found a runed translucent door.
  2480 | D:2      | Noticed Crazy Yiuf
  2740 | D:2      | Slain by Crazy Yiuf

Illustrated notes

Levels and vault maps discovered:
D:1:      mrwooster_arrival_arrow, layout_loops_corners, minmay_misc_feat_tower
D:2:      cheibrodos_old_hovel, layout_rooms, grunt_dithmenos_smoke_and_mirrors,
          uniq_crazy_yiuf_cottage
D:3:      layout_loops_cross, grunt_temple_overflow_opulence,
          shapermc_ecumenical_altar_mp_highgroup,
          amcnicky_mini_rare_corridor_liquid, minmay_cupped

Skill      XL: |  1  2  3  4 |
---------------+-------------+-----
Shields        | 4 |  4.1
Maces & Flails | 3 |  3.1
Fighting       | |  3.8
Armour         | |  3.8

Action                   |  1- 3 |  4- 6 || total
-------------------------+-------+-------++-------
Melee: Flail             |   123 |    79 ||   202
       Dagger            |     4 |       ||     4
Armor: Scale mail        |   103 |    32 ||   135
Dodge: Dodged            |    53 |    31 ||    84
Block: Kite shield       |    68 |    25 ||    93

Table legend: (Time is in decaauts)
 A = Elapsed time spent in this place.
 B = Non-inter-level travel time spent in this place.
 C = Inter-level travel time spent in this place.
 D = Time resting spent in this place.
 E = Time spent auto-exploring this place.
 F = Levels seen in this place.
 G = Mean time per level.
                   A        B        C        D        E       F      G
               +--------+--------+--------+--------+--------+-----+--------+
         Total |   2808 |   2781 |     27 |   1042 |    907 |   3 |  936.0 |
       Dungeon |   2808 |   2781 |     27 |   1042 |    907 |   3 |  936.0 |
               +--------+--------+--------+--------+--------+-----+--------+

Top non-repeatable levels by time:
     D:1: 1669 daAuts
     D:2: 1109 daAuts
     D:3: 29 daAuts
